| TOP OF THE 1ST |
|
Kansas City Royals batting - Pitching for Minnesota Twins : RHP Casey Jones
|
|
Pitching: RHP Casey Jones
|
|
|
Batting: SHB Jose Pacheco
|
0-0: SINGLE (Line Drive, 56D, EV 94.4 MPH)
|
|
Batting: RHB Matt Belgard
|
0-0: Ball Jose Pacheco is caught stealing 2nd base 2-4 1-0: Ball 2-0: Swinging Strike 2-1: Ground out 4-3 (Groundball, 4, EV 81.9 MPH)
|
|
Batting: LHB Mike Meyerhoff
|
0-0: Called Strike 0-1: Ball 1-1: Ball 2-1: Ground out 2-3 (Groundball, 15S, EV 70.0 MPH)
|
| Top of the 1st over - 0 runs, 1 hit, 0 errors, 0 left on base; Kansas City 0 - Minnesota 0 |
| BOTTOM OF THE 1ST |
|
Minnesota Twins batting - Pitching for Kansas City Royals : RHP Bryan Boykin
|
|
Pitching: RHP Bryan Boykin
|
|
|
Batting: LHB Peer Derks
|
0-0: Ball 1-0: Ball 2-0: SINGLE (Groundball, 56, EV 93.8 MPH)
|
|
Batting: RHB Will Leslie
|
0-0: Ball 1-0: Swinging Strike 1-1: Ball 2-1: Foul Ball, location: 2F 2-2: Strikes out swinging
|
|
Batting: RHB Greg Harman
|
0-0: Ball 1-0: Ball 2-0: Called Strike 2-1: Ball 3-1: Called Strike 3-2: Foul Ball, location: 2F 3-2: Base on Balls Peer Derks to second
|
|
Batting: RHB Miguel Gonzalez
|
0-0: Swinging Strike 0-1: Called Strike 0-2: Grounds into double play, 5-4-3 (Groundball, 56, EV 84.4 MPH)
|
| Bottom of the 1st over - 0 runs, 1 hit, 0 errors, 1 left on base; Kansas City 0 - Minnesota 0 |
| TOP OF THE 2ND |
|
Kansas City Royals batting - Pitching for Minnesota Twins : RHP Casey Jones
|
|
Batting: RHB Mike Jaquez
|
0-0: Ball 1-0: Foul Ball, location: 2F 1-1: Foul Ball, location: 2F 1-2: Foul Ball, location: 2F 1-2: Strikes out swinging
|
|
Batting: SHB Gil Switzer
|
0-0: Called Strike 0-1: Foul Ball, location: 2F 0-2: Ground out U3 (Groundball, 3, EV 79.4 MPH)
|
|
Batting: RHB Adam Martin
|
0-0: Ball 1-0: DOUBLE (Line Drive, 78M, EV 95.6 MPH)
|
|
Batting: LHB Pete Hansel
|
0-0: Foul Ball, location: 2F 0-1: Fly out, F5 (Flyball, 5D, EV 83.8 MPH)
|
| Top of the 2nd over - 0 runs, 1 hit, 0 errors, 1 left on base; Kansas City 0 - Minnesota 0 |
| BOTTOM OF THE 2ND |
|
Minnesota Twins batting - Pitching for Kansas City Royals : RHP Bryan Boykin
|
|
Batting: LHB Ryan Flynn Jr.
|
0-0: Called Strike 0-1: Ball 1-1: Ball 2-1: Ball 3-1: Called Strike 3-2: DOUBLE (Flyball, 78XD, EV 103.8 MPH)
|
|
Batting: RHB Miguel Diaz
|
0-0: Ball 1-0: Ball 2-0: Ball 3-0: Base on Balls
|
|
Batting: LHB Harris Vink
|
0-0: Called Strike 0-1: Ball 1-1: Fly out, F6 (Line Drive, 6M, EV 70.0 MPH)
|
|
Batting: RHB Matt Dunn
|
0-0: Ball 1-0: Called Strike 1-1: Foul Ball, location: 2F 1-2: Foul Ball, location: 2F 1-2: Foul Ball, location: 2F 1-2: Foul Ball, location: 2F 1-2: Ball 2-2: SINGLE (Line Drive, 9S, EV 108.1 MPH) Ryan Flynn Jr. to third Miguel Diaz to second Runner from 3rd tries for Home, SAFE, throw by RF to home
|
|
Batting: RHB Alex Sandoval
|
0-0: Foul Ball, location: 2F 0-1: Ball 1-1: Swinging Strike 1-2: Strikes out swinging
|
|
Batting: LHB Peer Derks
|
0-0: Ball 1-0: Foul Ball, location: 2F 1-1: Ball 2-1: Foul Ball, location: 2F 2-2: SINGLE (Line Drive, 56D, EV 96.9 MPH) Miguel Diaz to third Matt Dunn to second Runner from 3rd tries for Home, SAFE, throw by LF to home
|
|
Batting: RHB Will Leslie
|
0-0: Called Strike Peer Derks steals 2nd base Matt Dunn steals 3rd base 0-1: Ball 1-1: Ball 2-1: Called Strike 2-2: Ball 3-2: Foul Ball, location: 2F 3-2: Ground out 5-3 (Groundball, 56, EV 101.2 MPH)
|
| Bottom of the 2nd over - 2 runs, 3 hits, 0 errors, 2 left on base; Kansas City 0 - Minnesota 2 |
| TOP OF THE 3RD |
|
Kansas City Royals batting - Pitching for Minnesota Twins : RHP Casey Jones
|
|
Batting: RHB Walt Cogswell
|
0-0: Ball 1-0: Called Strike 1-1: Ball 2-1: Foul Ball, location: 2F 2-2: Fly out, F7 (Flyball, 7LS, EV 96.2 MPH)
|
|
Batting: LHB Manny Estrada
|
0-0: Ball 1-0: Fly out, F3 (Line Drive, 34, EV 66.9 MPH)
|
|
Batting: SHB Jose Pacheco
|
0-0: Foul Ball, location: 2F 0-1: Swinging Strike 0-2: Ball 1-2: Foul Ball, location: 2F 1-2: Ball 2-2: Ball 3-2: Foul Ball, location: 2F 3-2: Foul Ball, location: 2F 3-2: Base on Balls
|
|
Batting: RHB Matt Belgard
|
0-0: Called Strike 0-1: Ball 1-1: Foul Ball, location: 2F 1-2: Ball 2-2: Ball 3-2: Base on Balls Jose Pacheco to second
|
|
Batting: LHB Mike Meyerhoff
|
0-0: Fly out, F8 (Line Drive, 8LM, EV 86.2 MPH)
|
| Top of the 3rd over - 0 runs, 0 hits, 0 errors, 2 left on base; Kansas City 0 - Minnesota 2 |
| BOTTOM OF THE 3RD |
|
Minnesota Twins batting - Pitching for Kansas City Royals : RHP Bryan Boykin
|
|
Batting: RHB Greg Harman
|
0-0: Ball 1-0: Ball 2-0: Called Strike 2-1: Foul Ball, location: 2F 2-2: Foul Ball, location: 2F 2-2: Foul Ball, location: 2F 2-2: Strikes out looking
|
|
Batting: RHB Miguel Gonzalez
|
0-0: Called Strike 0-1: Fly out, F3 (Popup, 34S, EV 72.5 MPH)
|
|
Batting: LHB Ryan Flynn Jr.
|
0-0: Ball 1-0: Swinging Strike 1-1: Ball 2-1: Ball 3-1: Foul Ball, location: 2F 3-2: Base on Balls
|
|
Batting: RHB Miguel Diaz
|
0-0: Ball 1-0: Swinging Strike 1-1: Ball 2-1: SINGLE (Line Drive, 9S, EV 102.5 MPH) Ryan Flynn Jr. to second
|
|
Batting: LHB Harris Vink
|
0-0: Ball 1-0: Ground out U3 (Groundball, 3L, EV 79.4 MPH)
|
| Bottom of the 3rd over - 0 runs, 1 hit, 0 errors, 2 left on base; Kansas City 0 - Minnesota 2 |
| TOP OF THE 4TH |
|
Kansas City Royals batting - Pitching for Minnesota Twins : RHP Casey Jones
|
|
Batting: RHB Mike Jaquez
|
0-0: Called Strike 0-1: Ball 1-1: Ground out 6-3 (Groundball, 6, EV 95.0 MPH)
|
|
Batting: SHB Gil Switzer
|
0-0: Foul Ball, location: 2F 0-1: Foul Ball, location: 2F 0-2: Foul Ball, location: 2F 0-2: Strikes out swinging
|
|
Batting: RHB Adam Martin
|
0-0: Ball 1-0: Called Strike 1-1: Swinging Strike 1-2: DOUBLE (Line Drive, 89D, EV 113.1 MPH)
|
|
Batting: LHB Pete Hansel
|
0-0: Ball 1-0: Ball 2-0: Called Strike 2-1: Ground out 1-3 (Groundball, 13S, EV 63.8 MPH)
|
| Top of the 4th over - 0 runs, 1 hit, 0 errors, 1 left on base; Kansas City 0 - Minnesota 2 |
| BOTTOM OF THE 4TH |
|
Minnesota Twins batting - Pitching for Kansas City Royals : RHP Bryan Boykin
|
|
Batting: RHB Matt Dunn
|
0-0: Ball 1-0: Ball 2-0: Foul Ball, location: 2F 2-1: TRIPLE (Flyball, 9D, EV 91.2 MPH)
|
|
Batting: RHB Alex Sandoval
|
0-0: Ball 1-0: Foul Ball, location: 2F 1-1: Foul Ball, location: 2F 1-2: SINGLE (Groundball, 5S, EV 63.8 MPH) (infield hit) Matt Dunn scores
|
|
Batting: LHB Peer Derks
|
0-0: Ball 1-0: Swinging Strike 1-1: Called Strike 1-2: Foul Ball, location: 2F 1-2: Ball 2-2: Ball 3-2: Base on Balls Alex Sandoval to second
|
|
Batting: RHB Will Leslie
|
0-0: Ball 1-0: Called Strike 1-1: Ball 2-1: Foul Ball, location: 2F 2-2: SINGLE (Flyball, 6D, EV 92.5 MPH) Alex Sandoval to third Peer Derks to second
|
|
Batting: RHB Greg Harman
|
0-0: Called Strike 0-1: Ball 1-1: Foul Ball, location: 2F 1-2: Foul Ball, location: 2F 1-2: Strikes out swinging
|
|
Pitching: RHP Asa Hahn
|
|
|
Batting: RHB Miguel Gonzalez
|
0-0: Foul Ball, location: 2F 0-1: Ball 1-1: Swinging Strike 1-2: Strikes out looking
|
|
Batting: LHB Ryan Flynn Jr.
|
0-0: Called Strike 0-1: Ball 1-1: SINGLE (Groundball, 34S, EV 70.0 MPH) (infield hit) Alex Sandoval scores Peer Derks to third Will Leslie to second
|
|
Batting: RHB Miguel Diaz
|
0-0: Ball 1-0: SINGLE (Groundball, 34D, EV 106.2 MPH) Peer Derks scores Will Leslie to third Ryan Flynn Jr. to second Runner from 3rd tries for Home, throw by RF and OUT! 9-2
|
| Bottom of the 4th over - 3 runs, 5 hits, 0 errors, 2 left on base; Kansas City 0 - Minnesota 5 |
| TOP OF THE 5TH |
|
Kansas City Royals batting - Pitching for Minnesota Twins : RHP Casey Jones
|
|
Batting: RHB Walt Cogswell
|
0-0: Fly out, F8 (Flyball, 8RD, EV 98.8 MPH)
|
|
Batting: LHB Manny Estrada
|
0-0: Fly out, F9 (Flyball, 9LD, EV 110.0 MPH)
|
|
Batting: SHB Jose Pacheco
|
0-0: Ball 1-0: Foul Ball, location: 2F 1-1: Called Strike 1-2: Strikes out swinging
|
| Top of the 5th over - 0 runs, 0 hits, 0 errors, 0 left on base; Kansas City 0 - Minnesota 5 |
| BOTTOM OF THE 5TH |
|
Minnesota Twins batting - Pitching for Kansas City Royals : RHP Asa Hahn
|
|
Batting: LHB Harris Vink
|
0-0: Ball 1-0: Ball 2-0: Foul Ball, location: 2F 2-1: Ground out U3 (Groundball, 3S, EV 84.4 MPH)
|
|
Batting: RHB Matt Dunn
|
0-0: Called Strike 0-1: Called Strike 0-2: Foul Ball, location: 2F 0-2: Ball 1-2: Foul Ball, location: 2F 1-2: Fly out, F8 (Flyball, 8LM, EV 89.4 MPH)
|
|
Batting: RHB Alex Sandoval
|
0-0: Swinging Strike 0-1: Swinging Strike 0-2: Fly out, F4 (Popup, 4, EV 53.1 MPH)
|
| Bottom of the 5th over - 0 runs, 0 hits, 0 errors, 0 left on base; Kansas City 0 - Minnesota 5 |
| TOP OF THE 6TH |
|
Kansas City Royals batting - Pitching for Minnesota Twins : RHP Casey Jones
|
|
Batting: RHB Matt Belgard
|
0-0: Ground out 5-3 (Groundball, 56S, EV 86.2 MPH)
|
|
Batting: LHB Mike Meyerhoff
|
0-0: Ball 1-0: Fly out, F4 (Popup, 4D, EV 50.6 MPH)
|
|
Batting: RHB Mike Jaquez
|
0-0: Swinging Strike 0-1: Foul Ball, location: 2F 0-2: Strikes out swinging
|
| Top of the 6th over - 0 runs, 0 hits, 0 errors, 0 left on base; Kansas City 0 - Minnesota 5 |
| BOTTOM OF THE 6TH |
|
Minnesota Twins batting - Pitching for Kansas City Royals : RHP Asa Hahn
|
|
Batting: LHB Peer Derks
|
0-0: Foul Ball, location: 2F 0-1: Swinging Strike 0-2: Ball 1-2: Strikes out swinging
|
|
Batting: RHB Will Leslie
|
0-0: SOLO HOME RUN (Flyball, 7D, EV 97.5 MPH), Distance : 379 ft
|
|
Batting: RHB Greg Harman
|
0-0: Ball 1-0: Foul Ball, location: 2F 1-1: Ball 2-1: Ball 3-1: TRIPLE (Flyball, 8RXD, EV 95.0 MPH)
|
|
Batting: RHB Miguel Gonzalez
|
0-0: Swinging Strike 0-1: Called Strike 0-2: Foul Ball, location: 2F 0-2: Strikes out swinging
|
|
Batting: LHB Ryan Flynn Jr.
|
0-0: Called Strike 0-1: Swinging Strike 0-2: Ball 1-2: Strikes out swinging
|
| Bottom of the 6th over - 1 run, 2 hits, 0 errors, 1 left on base; Kansas City 0 - Minnesota 6 |
| TOP OF THE 7TH |
|
Kansas City Royals batting - Pitching for Minnesota Twins : RHP Casey Jones
|
|
Batting: SHB Gil Switzer
|
0-0: Called Strike 0-1: Ball 1-1: Ball 2-1: Foul Ball, location: 2F 2-2: Ball 3-2: Strikes out swinging
|
|
Batting: RHB Adam Martin
|
0-0: Ball 1-0: Ball 2-0: SINGLE (Line Drive, 6M, EV 103.1 MPH)
|
|
Batting: LHB Pete Hansel
|
0-0: Ball 1-0: Called Strike 1-1: Ball 2-1: Grounds into double play, 4-6-3 (Groundball, 4, EV 81.9 MPH)
|
| Top of the 7th over - 0 runs, 1 hit, 0 errors, 0 left on base; Kansas City 0 - Minnesota 6 |
| BOTTOM OF THE 7TH |
|
Minnesota Twins batting - Pitching for Kansas City Royals : RHP Asa Hahn
|
|
Batting: RHB Miguel Diaz
|
0-0: Fly out, F9 (Flyball, 9, EV 83.8 MPH)
|
|
Batting: LHB Harris Vink
|
0-0: Ball 1-0: Foul Ball, location: 2F 1-1: Ball 2-1: Swinging Strike 2-2: Ball 3-2: Ground out 4-3 (Groundball, 4, EV 107.5 MPH)
|
|
Batting: RHB Matt Dunn
|
0-0: Called Strike 0-1: Swinging Strike 0-2: Ball 1-2: Ball 2-2: Ball 3-2: Foul Ball, location: 2F 3-2: Base on Balls
|
|
Batting: RHB Alex Sandoval
|
0-0: Foul Ball, location: 2F 0-1: Ball 1-1: Ball 2-1: Called Strike 2-2: Fly out, F8 (Flyball, 8RXD, EV 91.9 MPH)
|
| Bottom of the 7th over - 0 runs, 0 hits, 0 errors, 1 left on base; Kansas City 0 - Minnesota 6 |
| TOP OF THE 8TH |
|
Kansas City Royals batting - Pitching for Minnesota Twins : RHP Casey Jones
|
|
Batting: RHB Walt Cogswell
|
0-0: Ground out 5-3 (Groundball, 56, EV 96.2 MPH)
|
|
Batting: LHB Manny Estrada
|
0-0: Called Strike 0-1: Swinging Strike 0-2: Ball 1-2: Foul Ball, location: 2F 1-2: Ball 2-2: Foul Ball, location: 2F 2-2: Foul Ball, location: 2F 2-2: Ball 3-2: Foul Ball, location: 2F 3-2: Fly out, F9 (Flyball, 9LSF, EV 85.0 MPH)
|
|
Batting: SHB Jose Pacheco
|
0-0: Ball 1-0: Called Strike 1-1: Foul Ball, location: 2F 1-2: Ball 2-2: Foul Ball, location: 2F 2-2: SOLO HOME RUN (Line Drive, 78XD, EV 111.9 MPH), Distance : 427 ft
|
|
Batting: RHB Matt Belgard
|
0-0: Ball 1-0: Foul Ball, location: 2F 1-1: Swinging Strike 1-2: Ball 2-2: Foul Ball, location: 2F 2-2: Ground out 6-3 (Groundball, 6S, EV 65.6 MPH)
|
| Top of the 8th over - 1 run, 1 hit, 0 errors, 0 left on base; Kansas City 1 - Minnesota 6 |
| BOTTOM OF THE 8TH |
|
Minnesota Twins batting - Pitching for Kansas City Royals : RHP Asa Hahn
|
|
Pitching: RHP Ken Hall
|
|
|
Batting: LHB Peer Derks
|
0-0: Called Strike 0-1: Ball 1-1: Fly out, F7 (Flyball, 7D, EV 89.4 MPH)
|
|
Batting: RHB Will Leslie
|
0-0: Ground out 6-3 (Groundball, 6, EV 90.0 MPH)
|
|
Batting: RHB Greg Harman
|
0-0: Ball 1-0: Ball 2-0: Foul Ball, location: 2F 2-1: Ball 3-1: Base on Balls
|
|
Batting: RHB Miguel Gonzalez
|
0-0: Called Strike 0-1: Ball 1-1: Swinging Strike 1-2: Ground out 4-3 (Groundball, 4, EV 88.1 MPH)
|
| Bottom of the 8th over - 0 runs, 0 hits, 0 errors, 1 left on base; Kansas City 1 - Minnesota 6 |
| TOP OF THE 9TH |
|
Kansas City Royals batting - Pitching for Minnesota Twins : RHP Casey Jones
|
|
Pitching: RHP Gerbrand van de Bilt
|
|
|
Batting: LHB Mike Meyerhoff
|
0-0: Ball 1-0: Swinging Strike 1-1: Swinging Strike 1-2: Ball 2-2: Foul Ball, location: 2F 2-2: Strikes out looking
|
|
Batting: RHB Mike Jaquez
|
0-0: SOLO HOME RUN (Line Drive, 7D, EV 102.5 MPH), Distance : 415 ft
|
|
Batting: SHB Gil Switzer
|
0-0: Ball 1-0: Fly out, F7 (Flyball, 7S, EV 95.0 MPH)
|
|
Batting: RHB Adam Martin
|
0-0: Swinging Strike 0-1: Ball 1-1: Called Strike 1-2: Ball 2-2: Foul Ball, location: 2F 2-2: Fly out, F8 (Flyball, 8LD, EV 90.6 MPH)
|
| Top of the 9th over - 1 run, 1 hit, 0 errors, 0 left on base; Kansas City 2 - Minnesota 6 |
|